 Dungeon Crawl Stone Soup version 0.30.0-20-g3615ddf2f0 (webtiles) character file.

Game seed: 13121453362229452396

729 qw the Chopper (level 7, 0/44 HPs)
             Began as a Gargoyle Fighter on May 29, 2023.
             Slain by Menkaure (9 damage)
             ... on level 5 of the Dungeon.
             The game lasted 00:01:45 (3665 turns).

qw the Chopper (Gargoyle Fighter)                   Turns: 3665, Time: 00:01:46

Health: 0/44       AC: 14    Str: 21    XL:     7   Next: 73%
Magic:  7/7        EV: 10    Int:  9    God:
Gold:   252        SH:  4    Dex:  9    Spells: 6/6 levels left

rFire   . . .        Y - +0 war axe
rCold   + . .        c - +0 buckler
rNeg    + . .        j - +4 ring mail {rC+}
rPois   inf          (no helmet)
rElec   +            (no cloak)
rCorr   .            (no gloves)
SInv    .            (no boots)
Will    .....        (no amulet) Stlth
                     (no ring)
HPRegen 0.27/turn    (no ring)
MPRegen 0.10/turn

%: no passive effects
@: no status effects
A: sickness immunity, AC +4, negative energy resistance 1, electricity
resistance, torment resistance 1, petrification resistance
a: no special abilities


You were on level 5 of the Dungeon.
You visited 1 branch of the dungeon, and saw 5 of its levels.

You collected 252 gold pieces.


Innate Abilities, Weirdness & Mutations

You are immune to sickness and miasma.
Your stone body is resilient. (AC +4)
You are immune to poison.
You resist negative energy. (rN+)
You are resistant to electric shocks. (rElec)
You are resistant to unholy torment.
You are immune to petrification.


   Skills:
 - Level 5.4 Fighting
 + Level 6.5 Axes
 - Level 3.2 Armour
 - Level 1.7 Dodging
 - Level 3.2 Shields


You had 6 spell levels left.
You didn't know any spells.
Your spell library was empty.

Inventory:

Hand Weapons
 i - a +0 morningstar
 Y - a +0 war axe (weapon)
Armour
 c - a +0 buckler (worn)
 e - a +0 chain mail
 j - a +4 ring mail of cold resistance (worn)
Jewellery
 k - a +5 ring of evasion
Scrolls
 a - 4 scrolls of identify
 b - a scroll of silence {unknown}
 h - a scroll of amnesia {unknown}
 l - 3 scrolls of teleportation {unknown}
Potions
 d - a potion of might
 f - a potion of attraction
 g - 5 potions of curing

Dungeon Overview and Level Annotations

Branches:
Dungeon (5/15)
 Temple: D:4-7

Altars:
Ashenzari
Kikubaaqudgha
Nemelex Xobeh
Sif Muna
Vehumet

Shops:
D:1 [

Annotations:
D:4 Sigmund
D:5 Menkaure


Message History

Enter note:
Enter note:
Enter note:
Enter note:
Enter note:
Enter note:
Enter note:
Enter note: You hit Menkaure but do no damage.
Menkaure points at you and mumbles some strange words.
You struggle to resist.
You hit Menkaure.
Menkaure is lightly damaged.
Menkaure gestures wildly while chanting.
Menkaure seems to speed up.
You hit Menkaure.
Menkaure is moderately damaged.
Menkaure barely misses you.
You hit Menkaure.
Menkaure is severely damaged.
Menkaure hits you. Menkaure hits you but does no damage.
You barely miss Menkaure.
Menkaure is severely damaged.
Menkaure hits you!
You hit Menkaure.
Menkaure is severely damaged.
Menkaure calls on the powers of darkness!
Your body is wracked with pain!
Menkaure hits you.
You hit Menkaure but do no damage.
Menkaure is severely damaged.
Menkaure sighs, "Let me perform the rites..."
Menkaure casts a spell at you. Pain shoots through your body!
You hit Menkaure.
Menkaure is almost destroyed.
You block Menkaure's attack. Menkaure hits you but does no damage.
You barely miss Menkaure.
Menkaure is almost destroyed.
Menkaure hits you!
You die...

...............#
...##...##.....#
...##...##....######
...##....#....##...#
...##....#.........#
.........#.........#
.........#.........#
.........#.........#
...##...##....##@..#
...#######....##M..#
##%##....#....##...#
....'....#....#....#
....#....#....#....#
....#....#....#....#
...#######....##...#
#### #....##...#
......


You could see Menkaure (fast).

Vanquished Creatures
  Prince Ribbit (D:5)
  An ogre (D:5)
  A phantom (D:5)
  2 scorpions (D:5)
  A howler monkey (D:4)
  2 orc priests
  An orc wizard (D:2)
  An iguana (D:5)
  5 adders
  2 dart slugs
  A worm (D:3)
  7 orcs
  2 ball pythons
  9 endoplasms
  3 giant cockroaches
  4 hobgoblins
  4 jackals (D:5)
  2 kobolds
  5 quokkas
  4 bats
  5 goblins
  3 rats
66 creatures vanquished.

Notes
Turn   | Place    | Note
-------+----------+-------------------------------------------
     0 | D:1      | qw the Gargoyle Fighter began the quest for the Orb.
     0 | D:1      | Reached XP level 1. HP: 14/14 MP: 1/1
     0 | D:1      | 0 ||| qw: Version: 0.2-a-101-gf424e7f
     0 | D:1      | 0 ||| qw: Game counter: 308
     0 | D:1      | 0 ||| qw: Always use a shield: true
     0 | D:1      | 0 ||| qw: God list: Okawaru
     0 | D:1      | 0 ||| qw: Allow faded altars: false
     0 | D:1      | 0 ||| qw: Do Orc after D:15 true
     0 | D:1      | 0 ||| qw: Do second Lair branch before Depths: true
     0 | D:1      | 0 ||| qw: Lair rune preference: random
     0 | D:1      | 0 ||| qw: Plans: Normal, Zot:1-4, Slime:5, God:TSO, Crypt,
                  | Tomb, Pan, Hells, Abyss, Win
     0 | D:1      | 0 ||| PLANNING D:1-11
    89 | D:1      | Reached skill level 2 in Axes
   230 | D:1      | Found Oproclud's Antique Armour Shop.
   242 | D:1      | 242 ||| SHOPLISTING plate armour (506 gold, have 38).
   242 | D:1      | 242 ||| SHOPLISTING shimmering ring mail (198 gold, have
                  | 38).
   259 | D:1      | Reached XP level 2. HP: 19/19 MP: 2/2
   615 | D:1      | 615 ||| UPGRADING to +0 chain mail.
   625 | D:1      | 625 ||| DROPPING +0 scale mail.
   652 | D:2      | 652 ||| Stepping ~*~*~tactically~*~*~ (hiding).
   658 | D:2      | Reached skill level 3 in Axes
   658 | D:2      | Reached XP level 3. HP: 21/23 MP: 3/3
   681 | D:2      | Reached skill level 4 in Axes
   681 | D:2      | Reached XP level 4. HP: 27/28 MP: 4/4
   691 | D:2      | HP: 6/28 [orc/+0 morningstar (10)]
   751 | D:2      | 751 ||| FLEEEEING.
   798 | D:2      | 798 ||| DROPPING +0 whip.
   799 | D:2      | 799 ||| DROPPING +0 club.
   801 | D:2      | 801 ||| Stepping ~*~*~tactically~*~*~ (stealth).
  1499 | D:2      | 1499 ||| READING scroll labelled VIFOUX MIEMP.
  1500 | D:2      | 1500 ||| READING scroll labelled YSIRIE FE KOUNO.
  1501 | D:2      | 1501 ||| DRINKING 2 ruby potions.
  1642 | D:3      | Reached XP level 5. HP: 21/32 MP: 5/5
  1649 | D:3      | 1649 ||| FLEEEEING.
  1650 | D:3      | 1650 ||| FLEEEEING.
  1654 | D:3      | 1654 ||| STAIRDANCE
  1708 | D:2      | 1708 ||| READING scroll labelled OCOM DEPUG.
  1776 | D:3      | Found a broken altar of Ashenzari.
  1830 | D:3      | 1830 ||| Stepping ~*~*~tactically~*~*~ (stealth).
  1877 | D:3      | 1877 ||| Stepping ~*~*~tactically~*~*~ (stealth).
  1879 | D:3      | 1879 ||| Stepping ~*~*~tactically~*~*~ (stealth).
  2064 | D:3      | 2064 ||| READING scroll labelled LATEWE GUOTT.
  2065 | D:3      | 2065 ||| DRINKING 2 clear potions.
  2066 | D:3      | 2066 ||| READING 2 scrolls of identify.
  2066 | D:3      | 2066 ||| IDENTIFYING red potion
  2067 | D:3      | 2067 ||| DROPPING potion of degeneration.
  2211 | D:4      | Reached skill level 5 in Axes
  2227 | D:4      | Noticed Sigmund
  2228 | D:4      | 2228 ||| FLEEEEING.
  2633 | D:4      | Found a sparkling altar of Nemelex Xobeh.
  2661 | D:4      | 2661 ||| Stepping ~*~*~tactically~*~*~ (stealth).
  2668 | D:4      | 2668 ||| Stepping ~*~*~tactically~*~*~ (stealth).
  2822 | D:4      | 2822 ||| Stepping ~*~*~tactically~*~*~ (hiding).
  2850 | D:4      | 2850 ||| DROPPING orb of guile.
  2851 | D:4      | 2851 ||| UPGRADING to +4 ring mail of cold resistance.
  2861 | D:4      | 2861 ||| READING scroll labelled JOLOAWNEYR.
  2862 | D:4      | 2862 ||| DRINKING 2 orange potions.
  2863 | D:4      | 2863 ||| READING 5 scrolls of identify.
  2863 | D:4      | 2863 ||| IDENTIFYING murky golden potion
  2864 | D:4      | 2864 ||| DROPPING potion of flight.
  2889 | D:5      | Entered Level 5 of the Dungeon
  2936 | D:5      | 2936 ||| Stepping ~*~*~tactically~*~*~ (stealth).
  2937 | D:5      | 2937 ||| Stepping ~*~*~tactically~*~*~ (stealth).
  2964 | D:5      | Reached skill level 1 in Dodging
  2964 | D:5      | Reached XP level 6. HP: 37/37 MP: 6/6
  3075 | D:5      | 3075 ||| Stepping ~*~*~tactically~*~*~ (stealth).
  3087 | D:5      | Noticed Prince Ribbit
  3120 | D:5      | HP: 2/37 [Prince Ribbit (10)]
  3121 | D:5      | 3121 ||| DRINKING 2 potions of heal wounds.
  3131 | D:5      | HP: 6/37 [Prince Ribbit (5)]
  3132 | D:5      | 3132 ||| DRINKING potion of heal wounds.
  3157 | D:5      | HP: 9/37 [Prince Ribbit (5)]
  3163 | D:5      | Killed Prince Ribbit
  3164 | D:5      | Reached XP level 7. HP: 10/44 MP: 7/7
  3362 | D:5      | 3362 ||| Stepping ~*~*~tactically~*~*~ (stealth).
  3373 | D:5      | Reached skill level 6 in Axes
  3373 | D:5      | 3373 ||| Stepping ~*~*~tactically~*~*~ (stealth).
  3519 | D:5      | 3519 ||| Stepping ~*~*~tactically~*~*~ (stealth).
  3553 | D:5      | Found a radiant altar of Vehumet.
  3557 | D:5      | Found an ancient bone altar of Kikubaaqudgha.
  3558 | D:5      | Found a shimmering blue altar of Sif Muna.
  3655 | D:5      | Noticed Menkaure
  3662 | D:5      | HP: 10/44 [Menkaure (6)]
  3665 | D:5      | Slain by Menkaure

Levels and vault maps discovered:
D:1:      tarquinn_simple_flora_water_e, layout_basic, serial_shops,
          nicolae_shop_peninsula
D:2:      layout_basic, chequers_avenue, nrook_campfire, corexii_hall_statues_l,
          minmay_misc_feat_cross
D:3:      layout_rooms, old_standard_altar
D:4:      layout_loops_ring, nemelex_xobeh_ov_fountains_minmay, serial_aquarium,
          aquarium_bridge_straight [aquarium_subvault_bridge,
          aquarium_subvault_wall, aquarium_subvault_bridge,
          aquarium_subvault_window], aquarium_window_1, aquarium_window_1,
          aquarium_view_2a, aquarium_balcony_3a, aquarium_pool_1, uniq_sigmund
D:5:      layout_gridville, grunt_temple_overflow_magic_moments,
          uniq_prince_ribbit1, uniq_menkaure

Skill      XL: |  1  2  3  4  5  6  7 |
---------------+----------------------+-----
Axes           | 2 3 4 5 6 |  6.5
Dodging        | 1 |  1.7
Fighting       | 5 |  5.4
Armour         | |  3.2
Shields        | |  3.2

Action                     |  1- 3 |  4- 6 |  7- 9 || total
---------------------------+-------+-------+-------++-------
  Melee: War axe           |    40 |   138 |    53 ||   231
  Throw: Boomerang         |       |    31 |       ||    31
    Use: Scroll            |       |     7 |       ||     7
         Potion            |       |     5 |       ||     5
 Armour: Scale mail        |    20 |       |       ||    20
         Chain mail        |    10 |    56 |       ||    66
         Ring mail         |       |    18 |    19 ||    37
  Dodge: Dodged            |    18 |    56 |    23 ||    97
  Block: Buckler           |     6 |    20 |     4 ||    30

Table legend:
 A = Non-vault XP
 B = Vault XP
 C = Vault XP percentage of total XP
 D = Non-vault monster count
 E = Vault monster count
 F = Vault count percentage of total count
                 A         B        C        D         E       F
            +---------+---------+-------+---------+---------+-------
      Total |     765 |     277 |  26.6 |      65 |       1 |   1.5
            +---------+---------+-------+---------+---------+-------
        D:1 |      18 |       0 |   0.0 |      11 |       0 |   0.0
        D:2 |     104 |       0 |   0.0 |      11 |       0 |   0.0
        D:3 |      85 |       0 |   0.0 |      16 |       0 |   0.0
        D:4 |      84 |       0 |   0.0 |      11 |       0 |   0.0
        D:5 |     474 |     277 |  36.9 |      16 |       1 |   5.9
            +---------+---------+-------+---------+---------+-------
